 Dungeon Crawl Stone Soup version 0.17-a0-2231-gd80ca38 (webtiles) character file.

634 Ordine the Slasher (level 7, 0/76 HPs)
             Began as an Octopode Fighter on Oct 29, 2015.
             Slain by Ordine's ghost (16 damage)
             ... on level 5 of the Dungeon.
             The game lasted 00:11:52 (4377 turns).

Ordine the Slasher (Octopode Fighter)               Turns: 4377, Time: 00:11:52

Health: 0/76       AC:  2    Str: 24    XL:     7   Next: 49%
Magic:  7/7        EV: 10    Int: 11    God:
Gold:   36         SH: 10    Dex: 13    Spells: 0 memorised, 6 levels left

rFire  . . .     SeeInvis .     a - +0 long sword
rCold  + . .     Clarity  .     b - +1 shield
rNeg   . . .     SustAt   .     (helmet restricted)
rPois  .         Gourm    .     (no amulet)
rElec  .         Spirit   .     o - ring of protection from cold
rCorr  .         Warding  .     q - +4 ring of strength
rMut   .         Stasis   .     (no ring)
MR     .....                    (no ring)
Stlth  ..........               (no ring)
                                (no ring)
                                (no ring)
                                (no ring)

@: mighty, berserking, very quick, not resistant to hostile enchantments,
extremely unstealthy
A: almost no armour, amphibious, 8 rings, constrict 8, rugged brown scales 1,
camouflage 1, gelatinous body 1
a: no special abilities


You were on level 5 of the Dungeon.
You were not hungry.

You visited 1 branch of the dungeon, and saw 5 of its levels.

You collected 172 gold pieces.
You spent 136 gold pieces at shops.

Inventory:

Hand Weapons
 a - a +0 long sword (weapon)
Armour
 b - a +1 shield (worn)
Magical Staves
 r - an uncursed staff of poison
Jewellery
 l - an uncursed ring of teleportation
 o - a ring of protection from cold (left tentacle)
 q - a +4 ring of strength (right tentacle)
Scrolls
 e - 6 scrolls of remove curse
 i - a scroll of amnesia
 k - a scroll of teleportation
 u - a scroll of fear
Potions
 n - a potion of berserk rage
 s - a potion of curing
Comestibles
 d - 3 bread rations
 f - 4 chunks of flesh
 h - a slice of pizza
 m - 2 meat rations


   Skills:
 + Level 5.5 Fighting
 * Level 6.6 Long Blades
 - Level 3.0 Dodging
 - Level 3.0 Shields


You had 6 spell levels left.
You didn't know any spells.

Dungeon Overview and Level Annotations

Branches:
Dungeon (5/15)
 Temple: D:4-7

Altars:

Shops:
D:4 ?

Annotations:
D:5 Ordine's ghost, novice OpFi


Innate Abilities, Weirdness & Mutations

You cannot wear most types of armour.
You are amphibious.
You can wear up to eight rings at the same time.
You can use your tentacles to constrict eight enemies at once.
Your skin changes colour to match your surroundings (Stealth).
Your rubbery body absorbs attacks (AC +1).
You are partially covered in rugged brown scales (AC +1, +3% HP).


Message History

Ordine's ghost hits you.
* * * LOW HITPOINT WARNING * * *
You slash Ordine's ghost!
Ordine's ghost is moderately damaged.
Ordine's ghost closely misses you.
Press: ? - help, v - describe, . - travel
Here: Ordine's ghost (moderately damaged)
The floor.
Drink which item? (? for menu, Esc to quit)
You feel better. Ordine's ghost hits you.
* * * LOW HITPOINT WARNING * * *
Drink which item? (? for menu, Esc to quit)
It was a potion of berserk rage.
A red film seems to cover your vision as you go berserk!
You feel yourself moving faster!
You feel mighty!
Ordine's ghost hits you but does no damage.
You slash Ordine's ghost! You squeeze Ordine's ghost!
Ordine's ghost is severely damaged.
Ordine's ghost hits you!
You die...

.....## .....#
....## #....#
....## #..$.#
#....## #W@...#
#.......#
#........#
....?.......#
.............##
##...........#
###..........#
#..........#


You could see Ordine's ghost.

Vanquished Creatures
  2 ogres (D:4)
  The ghost of Rationalist the Skirmisher, an amateur DsBe of Trog (D:3)
  A gnoll shaman (D:4)
  A hound (D:4)
  4 worker ants
  6 gnolls
  9 adders
  4 worms (D:2)
  4 giant geckos
  An orc (D:3)
  2 ball pythons (D:4)
  4 giant cockroaches
  7 goblins
  5 hobgoblins
  3 jackals (D:4)
  10 kobolds
  2 quokkas
  6 bats
  10 giant newts
  7 rats
89 creatures vanquished.

Notes
Turn   | Place    | Note
--------------------------------------------------------------
     0 | D:1      | Ordine the Octopode Fighter began the quest for the Orb.
     0 | D:1      | Reached XP level 1. HP: 16/16 MP: 1/1
   353 | D:1      | Reached XP level 2. HP: 17/21 MP: 2/2
   754 | D:1      | Reached XP level 3. HP: 22/26 MP: 3/3
  1431 | D:2      | Reached XP level 4. HP: 32/32 MP: 4/4
  1644 | D:2      | Reached skill level 4 in Long Blades
  2223 | D:3      | Reached XP level 5. HP: 31/37 MP: 5/5
  2349 | D:3      | Gained mutation: Your mind is acute. (Int +2) [potion of mutation]
  2349 | D:3      | Gained mutation: You occasionally shout uncontrollably at your foes. [potion of mutation]
  2349 | D:3      | Gained mutation: You are resistant to electric shocks. [potion of mutation]
  2350 | D:3      | Gained mutation: Your system is resistant to poisons. [potion of mutation]
  2350 | D:3      | Gained mutation: Your mind is very acute. (Int +4) [potion of mutation]
  2350 | D:3      | Gained mutation: You are partially covered in rugged brown scales (AC +1, +3% HP). [potion of mutation]
  2351 | D:3      | Lost mutation: Your mind is very acute. (Int +4) [potion of mutation]
  2351 | D:3      | Gained mutation: You sometimes yell uncontrollably at your foes. [potion of mutation]
  2481 | D:3      | Noticed Rationalist's ghost (amateur DsBe)
  2507 | D:3      | Killed Rationalist's ghost
  2507 | D:3      | Reached skill level 5 in Long Blades
  2507 | D:3      | Reached XP level 6. HP: 45/45 MP: 6/6
  2999 | D:4      | Found Bareps's Magic Scroll Shoppe.
  3036 | D:4      | Bought a scroll of identify for 26 gold pieces
  3036 | D:4      | Bought a scroll of identify for 26 gold pieces
  3036 | D:4      | Bought a scroll of fear for 45 gold pieces
  3036 | D:4      | Bought a scroll of identify for 26 gold pieces
  3036 | D:4      | Bought a scroll of noise for 13 gold pieces
  3044 | D:4      | Lost mutation: Your mind is acute. (Int +2) [potion of cure mutation]
  3044 | D:4      | Lost mutation: You sometimes yell uncontrollably at your foes. [potion of cure mutation]
  3044 | D:4      | Lost mutation: You are resistant to electric shocks. [potion of cure mutation]
  3044 | D:4      | Lost mutation: You occasionally shout uncontrollably at your foes. [potion of cure mutation]
  3044 | D:4      | Lost mutation: Your system is resistant to poisons. [potion of cure mutation]
  3231 | D:4      | Reached skill level 5 in Fighting
  3231 | D:4      | Reached skill level 6 in Long Blades
  3231 | D:4      | Reached XP level 7. HP: 25/51 MP: 7/7
  4367 | D:5      | Entered Level 5 of the Dungeon
  4367 | D:5      | Noticed Ordine's ghost (novice OpFi)
  4377 | D:5      | Slain by Ordine's ghost

Vault maps used:
D:1:      scummos_arrival_gate, solitary_fountain, nrook_mini_backslash
D:4:      serial_shops, nicolae_shop_crystal, first_bread
D:5:      slow_altar_1

Action                   |  1- 3 |  4- 6 |  7- 9 || total
-------------------------+-------+-------+-------++-------
Melee: Long sword        |    63 |   118 |    43 ||   224
  Use: Scroll            |     6 |     9 |     1 ||    16
       Potion            |       |     5 |     5 ||    10
 Stab: Sleeping          |     5 |     4 |     1 ||    10
       Invisible         |       |       |     3 ||     3
       Distracted        |       |       |     1 ||     1
  Eat: Chunk             |     2 |     5 |     4 ||    11
